 Dungeon Crawl Stone Soup version 0.31-a0-355-g57cb03d3e8 (webtiles) character file.

Game seed: 15951841907750576007

46 Maxmaps the Changeling (level 3, 0/35 HPs)
             Began as an Ogre Shapeshifter on July 24, 2023.
             Succumbed to a scorpion's poison
             ... on level 2 of the Dungeon.
             The game lasted 00:01:10 (1053 turns).

Maxmaps the Changeling (Ogre Shapeshifter)          Turns: 1053, Time: 00:01:11

Health: 0/35       AC:  3    Str: 19    XL:     3   Next: 66%
Magic:  3/3        EV:  9    Int: 11    God:
Gold:   60         SH:  0    Dex:  9    Spells: 2/2 levels left

rFire   + . .        d - +0 whip
rCold   + . .        (no shield)
rNeg    . . .        a - +0 animal skin
rPois   +            (helmet currently unavailable)
rElec   +            (cloak currently unavailable)
rCorr   +            (gloves unavailable)
SInv    .            (boots unavailable)
Will    .....        (no amulet)
Stlth   +            (no ring)
HPRegen 0.25/turn    (no ring)
MPRegen 0.08/turn

%: no passive effects
@: lethally poisoned (0 -> -10), beast-form, resistant
A: beast (slay +2), large, unfitting armour, tough skin 1
a: Begin Untransformation


You were on level 2 of the Dungeon.
You were a hulking beast.
You visited 1 branch of the dungeon, and saw 2 of its levels.

You collected 60 gold pieces.

Inventory:

Hand Weapons
 d - a +0 whip (weapon)
Armour
 a - a +0 animal skin (worn)
Jewellery
 f - a ring of flight
Talismans
 c - a beast talisman
Scrolls
 e - a scroll of blinking {unknown}
 g - a scroll of fog {unknown}
 h - 6 scrolls of amnesia {unknown}
Potions
 b - a potion of lignification


   Skills:
 - Level 2.1 Fighting
 + Level 2.6 Maces & Flails
 - Level 1.7 Dodging
 - Level 2.6 Unarmed Combat
 - Level 3.0 Shapeshifting


You had 2 spell levels left.
You didn't know any spells.
Your spell library contained the following spells:

 Spells                   Type           Power      Damage    Failure   Level
 Ensorcelled Hibernation  Hex/Ice        0%         N/A       47%         2
 Passwall                 Tmut/Erth      0%         N/A       47%         2
 Swiftness                Air            0%         N/A       71%         3


Dungeon Overview and Level Annotations

Branches:
Dungeon (2/15)

Altars:


Innate Abilities, Weirdness & Mutations

You are a hulking beast.
Your limbs bulge with bestial killing power. (Slay +2)
You are too large for most types of armour.
You have tough skin. (AC +1)


Message History

You hit the scorpion.
The scorpion is heavily wounded.
You feel sick. The scorpion barely misses you. The scorpion stings you.
You hit the scorpion but do no damage.
The scorpion is heavily wounded.
You feel sick. The scorpion closely misses you.
You hit the scorpion.
The scorpion is severely wounded.
You feel sick.
The scorpion stings you but does no damage.
You hit the scorpion but do no damage.
The scorpion is severely wounded.
The scorpion completely misses you.
You hit the scorpion but do no damage.
The scorpion is severely wounded.
You feel sick. The scorpion closely misses you.
You completely miss the scorpion.
The scorpion is severely wounded.
You feel sick. The scorpion closely misses you.
You hit the scorpion but do no damage.
The scorpion is severely wounded.
You feel sick. The scorpion closely misses you.
You hit the scorpion but do no damage.
The scorpion is severely wounded.
You feel sick.
You are no longer poisoned.
The scorpion stings you but does no damage.
You barely miss the scorpion.
The scorpion is severely wounded.
The scorpion closely misses you. The scorpion stings you.
* * * LOW HITPOINT WARNING * * *
You hit the scorpion.
The scorpion is severely wounded.
The scorpion stings you!
* * * LOW HITPOINT WARNING * * *
You are lethally poisoned!
The scorpion poisons you!
It was a potion of resistance.
You feel protected.
You die...

#.#'#####...####...##.#...##
#.#.# #...#.##...#.........
#.#.# #...#.##...##########
#.#.. ...........
#.#########.#..#.###
####...........#..#....
..............<#.......
.#########.......###### .#
#.....#...#h.....# .#
#.....#...#s.....# .#
#.....#...#........ .#
####......#......## .#
#......######.# .# #...####
.. .# #...# . .# #...# .#
##'##


You could see a scorpion.

Vanquished Creatures
  An adder (D:2)
  A worm (D:2)
  A dart slug (D:1)
  6 ball pythons
  7 endoplasms (D:1)
  2 goblins
  2 hobgoblins (D:1)
  2 bats (D:1)
  A frilled lizard (D:1)
  6 kobolds
  3 rats (D:1)
32 creatures vanquished.

Notes
Turn   | Place    | Note
-------+----------+-------------------------------------------
     0 | D:1      | Maxmaps the Ogre Shapeshifter began the quest for the Orb.
     0 | D:1      | Reached XP level 1. HP: 19/19 MP: 1/1
    44 | D:1      | HP: 1/20 [frozen (4)]
   150 | D:1      | Reached skill level 1 in Maces & Flails
   150 | D:1      | Reached XP level 2. HP: 21/28 MP: 2/2
   406 | D:1      | Reached XP level 3. HP: 35/35 MP: 3/3
  1038 | D:2      | Noticed a scorpion
  1053 | D:2      | Succumbed to a scorpion's poison

Illustrated notes

Levels and vault maps discovered:
D:1:      psy_arrival_basics, layout_basic, st_stairs_3
D:2:      kennysheep_six_static_rooms, layout_basic,
          chequers_ecumenical_altar_simple, skrybe_limestone_x,
          serial_bayou_crossing

Skill      XL: |  1  2 |
---------------+-------+-----
Fighting       | 2 |  2.1
Maces & Flails | 1 2 |  2.6
Dodging        | |  1.7
Unarmed Combat | |  2.6
Shapeshifting  | |  3.0

Action                     || total
---------------------------++-------
  Melee: Whip              ||    80
         Unarmed           ||     9
         Punch             ||     2
    Use: Potion            ||     1
 Armour: Animal skin       ||    26
  Dodge: Dodged            ||    40

Table legend: (Time is in decaauts)
 A = Elapsed time spent in this place.
 B = Non-inter-level travel time spent in this place.
 C = Inter-level travel time spent in this place.
 D = Time resting spent in this place.
 E = Time spent auto-exploring this place.
 F = Levels seen in this place.
 G = Mean time per level.
                   A        B        C        D        E       F      G
               +--------+--------+--------+--------+--------+-----+--------+
         Total |   1053 |   1031 |     22 |     71 |    756 |   2 |  526.5 |
       Dungeon |   1053 |   1031 |     22 |     71 |    756 |   2 |  526.5 |
               +--------+--------+--------+--------+--------+-----+--------+

Top non-repeatable levels by time:
     D:1: 847 daAuts
     D:2: 206 daAuts
